 Dungeon Crawl Stone Soup version 0.19-a0-926-g4486784 (webtiles) character file.

13644 Ryco the Covert (level 11, -5/53 HPs)
             Began as a Spriggan Enchanter on July 5, 2016.
             Was a Follower of Uskayaw.
             Hit by a tomahawk thrown by an orc warrior (18 damage)
             ... on level 2 of the Orcish Mines on July 6, 2016.
             The game lasted 01:20:49 (8725 turns).

Ryco the Covert (Spriggan Enchanter)                Turns: 8725, Time: 01:20:49

Health: -5/53      AC:  3    Str:  8    XL:     11   Next: 78%
Magic:  3/25       EV: 27    Int: 19    God:    Uskayaw [*.....]
Gold:   1065       SH:  0    Dex: 21    Spells: 6 memorised, 14 levels left

rFire  . . .     SeeInvis +     a - +2 dagger (freeze)
rCold  + + .     Gourm    .     O - +1 robe "Taeloin" {+Inv rC++}
rNeg   . . .     Faith    .     (shield restricted)
rPois  .         Spirit   .     (helmet restricted)
rElec  .         Dismiss  .     (no cloak)
rCorr  .         Reflect  .     (gloves unavailable)
SustAt .         Harm     .     (boots unavailable)
MR     +....                    (no amulet)
Stlth  +++++++...               P - +4 ring of strength
                                k - +3 ring of intelligence

@: very slightly contaminated, very quick, somewhat resistant to hostile
enchantments, extremely stealthy
A: unfitting armour, see invisible, herbivore 3, speed 3, slow metabolism 2
a: Stomp, Renounce Religion, Evoke Invisibility


You were on level 2 of the Orcish Mines.
You worshipped Uskayaw.
Uskayaw was aware of your devotion.
You were not hungry.

You visited 3 branches of the dungeon, and saw 14 of its levels.
You also visited: Bailey.

You collected 1322 gold pieces.
You spent 257 gold pieces at shops.

Inventory:

Hand Weapons
 a - a +2 dagger of freezing (weapon)
 b - a +0 rapier
 g - a +1 dagger of speed
Armour
 z - a +0 buckler
 G - a +1 robe of fire resistance
 L - a +0 robe of cold resistance
 O - the +1 robe "Taeloin" (worn) {+Inv rC++}
   (You found it on level 7 of the Dungeon)

   It greatly protects you from cold.
   It lets you turn invisible.
Jewellery
 k - a +3 ring of intelligence (left hand)
 B - an uncursed ring of positive energy
 E - an uncursed ring of teleportation
 P - a +4 ring of strength (right hand)
Wands
 f - a wand of iceblast (4/15)
 r - a wand of slowing (20/48)
 x - a wand of flame (7/48)
 F - a wand of lightning (0/15)
 J - a wand of confusion (0/48)
Scrolls
 e - a scroll of fog
 j - 2 scrolls of fear
 l - 3 scrolls of teleportation
 m - 2 scrolls of immolation {unknown}
 o - 3 scrolls of magic mapping
 t - 3 scrolls of enchant armour {unknown}
 u - a scroll of recharging {unknown}
 w - 2 scrolls of blinking
 C - 3 scrolls of remove curse
 H - a scroll of acquirement {unknown}
 K - 2 scrolls of random uselessness {unknown}
 M - a scroll of enchant weapon {unknown}
Potions
 h - a potion of might
 i - a potion of haste
 n - 4 potions of ambrosia
 p - 3 potions of agility
 q - 5 potions of curing {unknown}
 s - 3 potions of cure mutation {unknown}
 v - a potion of mutation {unknown}
 A - a potion of flight {unknown}
 D - a potion of brilliance
 N - a potion of magic {unknown}
Books
 c - a book of Maledictions

   Spells                             Type                      Level
   a - Corona                         Hexes                        1
   b - Ensorcelled Hibernation        Hexes/Ice                    2
   c - Confuse                        Hexes                        3
   d - Tukima's Dance                 Hexes                        3
   e - Dazzling Spray                 Conjuration/Hexes            3
 y - a book of Necromancy

   Spells                             Type                      Level
   a - Pain                           Necromancy                   1
   b - Animate Skeleton               Necromancy                   1
   c - Vampiric Draining              Necromancy                   3
   d - Regeneration                   Charms/Necromancy            3
   e - Animate Dead                   Necromancy                   4
   f - Control Undead                 Necromancy                   4
Miscellaneous
 I - a phial of floods
Comestibles
 d - 5 bread rations


   Skills:
 * Level 3.7 Fighting
 + Level 9.4 Short Blades
 + Level 9.4 Dodging
 - Level 13.1 Stealth
 - Level 9.7 Spellcasting
 - Level 0.1 Conjurations
 - Level 7.0 Hexes
 - Level 3.9 Charms
 - Level 0.8 Necromancy
 - Level 1.5 Ice Magic
 + Level 6.6 Invocations
 * Level 5.4 Evocations


You had 14 spell levels left.
You knew the following spells:

 Your Spells              Type           Power        Failure   Level  Hunger
a - Ensorcelled Hibernat  Hex/Ice        ####..       1%          2    None
b - Corona                Hex            #####..      1%          1    None
c - Confuse               Hex            #####...     1%          3    None
d - Dazzling Spray        Conj/Hex       ###...       6%          3    None
e - Regeneration          Chrm/Necr      ###.......   12%         3    None
t - Tukima's Dance        Hex            #####...     1%          3    None


Dungeon Overview and Level Annotations

Branches:
Dungeon (11/15)            Temple (1/1) D:5             Orc (2/2) D:11
    Elf (0/3) Orc:2
   Lair: D:8-11

Altars:
Elyvilon
Kikubaaqudgha
Nemelex Xobeh
Qazlal
Ru
Trog
Uskayaw
Yredelemnul

Shops:
D:7 ?   D:8 [


Innate Abilities, Weirdness & Mutations

You are tiny and cannot use many weapons and most armour.
You have supernaturally acute eyesight. (SInv)
You are a herbivore.
You cover ground extremely quickly.
You need consume almost no food.


Message History

The puff of flame hits the orc wizard.
The orc wizard is almost dead.
This wand has 8 charges left.
A tomahawk appears from out of your range of vision.
The tomahawk hits your dagger!
The orc wizard mumbles some strange words.
The orc wizard seems to speed up.
Evoke which item? (* to show all) (? for menu, Esc to quit)
Zapping:
x - a wand of flame (8/48)
Press: ? - help, Shift-Dir - straight line, f/p - orc wizard
Aim: an orc wizard, wearing a robe (almost dead, fast)
The puff of flame misses the orc wizard.
This wand has 7 charges left.
Your dagger hits the orc wizard.
The orc wizard dies!
The orc completely misses you.
An orc warrior comes into view. It is wielding a battleaxe.
The orc misses you. x2; The orc warrior throws a tomahawk.
The tomahawk closely misses your dagger.
The tomahawk hits you!!
You die...

##...#### ###....#..##
##..........# # #...........# ###
#.##.........####.##
..............#....#
##..............##
#####...............# #
###.#.#.(@o.#o.......####.
#.........o##..........#..
##...o.(...###..........#..
#....o......###.........#..
..........####.#..........# ###
.........##.#.............#
##.###.................o......##
#...###........o..............##
##...#####..................#..#(


You could see an orc warrior, 3 orcs and a friendly dagger.

Vanquished Creatures
  Josephine (D:11)
  Erolcha (D:11)
  2 unseen horrors
  A hill giant (D:11)
  The ghost of Sixotanaka the Carver, a novice HESk of Cheibriados (D:8)
  2 ugly things
  The ghost of plsesad the Covert, a novice DDNe of Kikubaaqudgha (D:4)
  A troll (Orc:2)
  2 two-headed ogres (D:9)
  Sigmund (D:4)
  6 yaks (D:7)
  4 wraiths (D:11)
  A dancing weapon (Bailey)
  A hippogriff (D:10)
  2 wyverns (D:9)
  A vampire mosquito (D:9)
  Edmund (D:4)
  A water moccasin (D:9)
  22 orc warriors
  A sky beast (D:9)
  A phantom (D:8)
  2 black bears
  2 ice beasts
  4 ogres
  A necrophage (D:5)
  11 centaurs
  A gnoll sergeant (Orc:2)
  7 giant frogs
  4 howler monkeys
  4 crimson imps
  A centaur zombie (D:5)
  A giant frog zombie (D:8)
  3 quasits
  3 hounds
  10 orc priests
  A centaur skeleton (D:4)
  An iguana (D:8)
  2 worker ants
  16 orc wizards
  A hound skeleton (D:4)
  A hound zombie (D:9)
  Robin (D:4)
  8 adders
  9 gnolls
  An adder skeleton (D:6)
  A worm (D:4)
  2 giant geckos
  72 orcs
  5 bats
  3 hobgoblins
  2 quokkas (D:8)
  4 giant newts
  11 goblins
  A kobold (D:3)
  A quokka skeleton (D:8)
  5 rats
256 creatures vanquished.

Vanquished Creatures (collateral kills)
  3 orc warriors
  An orc wizard (Orc:2)
  2 orc priests
  A gnoll (Orc:2)
  7 orcs
  A goblin (D:4)
15 creatures vanquished.

Vanquished Creatures (others)
  11 dancing weapons
  3 orcs (D:11)
14 creatures vanquished.

Grand Total: 285 creatures vanquished

Notes
Turn   | Place    | Note
-------+----------+-------------------------------------------
     0 | D:1      | Ryco the Spriggan Enchanter began the quest for the Orb.
     0 | D:1      | Reached XP level 1. HP: 9/9 MP: 5/5
    69 | D:2      | Found a faded altar of an unknown god.
   102 | D:2      | Reached XP level 2. HP: 13/13 MP: 6/6
   106 | D:2      | Learned a level 2 spell: Ensorcelled Hibernation
   779 | D:4      | Noticed plsesad's ghost (novice DDNe)
   780 | D:4      | Noticed Edmund
   786 | D:4      | Noticed an ogre
   860 | D:4      | Reached XP level 3. HP: 14/16 MP: 2/8
   863 | D:4      | Reached skill level 5 in Stealth
   891 | D:4      | Learned a level 3 spell: Confuse
   901 | D:4      | Noticed Sigmund
   953 | D:4      | Noticed Robin
   975 | D:4      | Killed Sigmund
   975 | D:4      | Reached skill level 6 in Stealth
   975 | D:4      | Reached skill level 1 in Ice Magic
   975 | D:4      | Reached XP level 4. HP: 21/21 MP: 6/10
   975 | D:4      | Reached XP level 5. HP: 24/24 MP: 6/11
  1157 | D:4      | Killed Edmund
  1157 | D:4      | Reached XP level 6. HP: 28/28 MP: 3/13
  1197 | D:4      | Learned a level 3 spell: Tukima's Dance
  1201 | D:4      | Learned a level 3 spell: Dazzling Spray
  1432 | D:4      | Killed plsesad's ghost
  1432 | D:4      | Reached skill level 8 in Stealth
  1432 | D:4      | Reached skill level 5 in Hexes
  1432 | D:4      | Reached XP level 7. HP: 23/32 MP: 11/14
  1451 | D:5      | Entered Level 5 of the Dungeon
  1779 | D:4      | Killed Robin
  1879 | D:5      | Reached skill level 5 in Dodging
  1905 | D:5      | Reached skill level 5 in Spellcasting
  2089 | D:5      | Reached skill level 9 in Stealth
  2089 | D:5      | Reached XP level 8. HP: 22/37 MP: 1/16
  2202 | D:5      | Found a staircase to the Ecumenical Temple.
  2211 | Temple   | Entered the Ecumenical Temple
  2224 | Temple   | Became a worshipper of Uskayaw the Reveler
  2273 | D:4      | Reached * piety under Uskayaw
  2388 | D:5      | Reached skill level 1 in Fighting
  2388 | D:5      | Reached ** piety under Uskayaw
  2569 | D:8      | Reached skill level 1 in Invocations
  2585 | D:8      | Reached skill level 5 in Short Blades
  2627 | D:8      | Found Qupatz's Armour Shoppe.
  2638 | D:8      | Bought a +1 robe of fire resistance for 152 gold pieces
  2690 | D:8      | Reached skill level 10 in Stealth
  2752 | D:8      | Noticed Sixotanaka's ghost (novice HESk)
  2767 | D:8      | Killed Sixotanaka's ghost
  2767 | D:8      | Reached XP level 9. HP: 42/42 MP: 5/18
  2816 | D:9      | Found a flagged portal.
  2830 | D:9      | Reached skill level 11 in Stealth
  2842 | D:9      | Learned a level 3 spell: Regeneration
  2845 | Bailey   | Entered a bailey
  2852 | Bailey   | Reached skill level 1 in Charms
  4086 | Bailey   | Reached XP level 10. HP: 46/46 MP: 19/23
  4243 | D:9      | Reached *** piety under Uskayaw
  4246 | D:9      | Reached **** piety under Uskayaw
  4285 | D:9      | Upgraded the game from 0.19-a0-920-gb70b166 to 0.19-a0-926-g4486784
  4289 | D:10     | Entered Level 10 of the Dungeon
  4475 | D:9      | Noticed an unseen horror
  4620 | D:9      | Reached skill level 12 in Stealth
  4676 | D:9      | Killed an unseen horror
  4942 | D:9      | Found a sacrificial altar of Ru.
  4962 | D:9      | Found a basalt altar of Yredelemnul.
  4972 | D:9      | Found a white marble altar of Elyvilon.
  4995 | D:9      | Found a bloodstained altar of Trog.
  5399 | D:7      | Found Kenge's Magic Scroll Shoppe.
  5419 | D:7      | Bought a scroll of blinking for 105 gold pieces
  5425 | D:7      | Reached skill level 5 in Invocations
  5431 | D:7      | Reached skill level 13 in Stealth
  5431 | D:7      | Reached ***** piety under Uskayaw
  5955 | D:7      | Got a wizard robe
  5966 | D:7      | Identified the +1 robe "Taeloin" {+Inv rC++} (You found it on level 7 of the Dungeon)
  6316 | D:10     | Reached skill level 1 in Evocations
  6377 | D:11     | Found a staircase to the Orcish Mines.
  6377 | D:11     | Noticed a cyan ugly thing
  6410 | D:10     | Killed a cyan ugly thing
  6410 | D:10     | Reached XP level 11. HP: 51/51 MP: 14/25
  6425 | D:11     | Noticed a hill giant
  6435 | D:11     | Noticed a green ugly thing
  6437 | D:11     | Killed a hill giant
  6491 | D:11     | Killed a green ugly thing
  6614 | D:11     | Noticed Erolcha
  6731 | D:11     | Killed Erolcha
  6978 | D:11     | Noticed Josephine
  7099 | D:11     | Noticed an unseen horror
  7100 | D:11     | Killed Josephine
  7144 | D:11     | Killed an unseen horror
  7243 | Orc:1    | Entered Level 1 of the Orcish Mines
  7326 | Orc:2    | Entered Level 2 of the Orcish Mines
  7413 | Orc:2    | HP: 2/52 [orc priest/divine providence (11)]
  7419 | Orc:2    | HP: 2/52 [orc wizard/magic dart (4)]
  7728 | Orc:1    | Reached skill level 5 in Evocations
  8357 | Orc:2    | Found a staircase to the Elven Halls.
  8673 | Orc:2    | Noticed an orc knight
  8674 | Orc:2    | Noticed an orc knight
  8674 | Orc:2    | Noticed an orc high priest
  8725 | Orc:2    | Hit by a tomahawk thrown by an orc warrior

Vault maps used:
D:1:      onia_arrival_mini_spirals, kennysheep_nondescript,
          kennysheep_another_room
D:2:      ecumenical_altar_1
D:3:      nicolae_qazlal_style_of_elements
D:4:      first_bread, uniq_robin, uniq_sigmund, uniq_edmund
D:5:      kennysheep_windowed_goal
D:6:      basic_altar
D:7:      grunt_temple_overflow_open, serial_shops, shop
D:8:      serial_shops, shop_fountains
D:9:      minmay_bloctagon_deflated, grunt_temple_overflow_cloverleaf,
          enter_bailey_2
D:10:     lair_0_dummy
D:11:     david_orc_2, uniq_josephine, uniq_erolcha
Temple:   regret_index_temple_sphere_string
Orc:2:    st_orc_pillars
Bailey:   bailey_polearm_flooded_kennysheep, bailey

Skill      XL: |  1  2  3  4  5  6  7  8  9 10 11 |
---------------+----------------------------------+-----
Hexes          | 4 5 6 7 |  7.0
Spellcasting   | 3 4 5 8 9 |  9.7
Stealth        | 6 8 9 10 11 13 | 13.1
Short Blades   | 2 3 4 5 6 7 9 |  9.4
Ice Magic      | 1 |  1.5
Dodging        | 4 5 6 7 9 |  9.4
Fighting       | 1 2 3 |  3.7
Invocations    | 2 3 5 6 |  6.6
Charms         | 3 |  3.9
Evocations     | 1 5 |  5.4
Conjurations   | |  0.1
Necromancy     | |  0.8

Action                   |  1- 3 |  4- 6 |  7- 9 | 10-12 || total
-------------------------+-------+-------+-------+-------++-------
Melee: Dagger            |    63 |    69 |    48 |   206 ||   386
       Rapier            |       |       |   128 |   233 ||   361
 Cast: Ensorcelled Hiber |    12 |     5 |    12 |    42 ||    71
       Confuse           |     1 |     5 |    64 |    61 ||   131
       Tukima's Dance    |       |       |    15 |    28 ||    43
       Dazzling Spray    |       |       |       |    27 ||    27
       Regeneration      |       |       |       |     3 ||     3
Invok: Stomp             |       |       |     2 |     2 ||     4
       Line Pass         |       |       |       |     2 ||     2
 Abil: Evoke Invisibilit |       |       |       |     5 ||     5
Evoke: Wand              |       |     2 |     3 |    11 ||    16
       Phial of floods   |       |       |       |     1 ||     1
  Use: Scroll            |     1 |       |    11 |     2 ||    14
       Potion            |       |       |       |     3 ||     3
 Stab: Sleeping          |    12 |     9 |    19 |    48 ||    88
       Confused          |     2 |     7 |    19 |    23 ||    51
       Distracted        |       |       |     1 |       ||     1
       Paralysed         |       |       |       |    14 ||    14
       Invisible         |       |       |       |    15 ||    15
  Eat: Fruit             |       |       |     2 |     4 ||     6
       Pizza             |       |       |     2 |       ||     2
       Bread ration      |       |       |       |     1 ||     1
Armor: Robe              |     4 |     9 |     8 |    20 ||    41
       Skin              |       |       |       |     4 ||     4
Dodge: Dodged            |    50 |    67 |   129 |   287 ||   533
